TOP OF THE 1ST |
University of Minnesota Golden Gophers batting - Pitching for Coastal Carolina University Chanticleers : RHP Pedro Delgado
|
Pitching: RHP Pedro Delgado
|
|
Batting: RHB Tatsuyoshi Ikeda
|
0-0: Called Strike 0-1: Ball 1-1: Called Strike 1-2: Ball 2-2: Foul Ball, location: 2F 2-2: Foul Ball, location: 2F 2-2: Ground out 5-3 (Groundball, 56S, EV 61.9 MPH)
|
Batting: RHB Roy Evenden
|
0-0: Called Strike 0-1: Foul Ball, location: 2F 0-2: Ball 1-2: Ground out 5-3 (Groundball, 56S, EV 81.9 MPH)
|
Batting: RHB Jarrod Strickhouser
|
0-0: Foul Ball, location: 2F 0-1: SINGLE (Line Drive, 8LS, EV 91.9 MPH)
|
Batting: LHB Alex Villa
|
0-0: Called Strike 0-1: Swinging Strike 0-2: Strikes out swinging
|
Top of the 1st over - 0 runs, 1 hit, 0 errors, 1 left on base; University of Minnesota 0 - Coastal Carolina University 0 |
BOTTOM OF THE 1ST |
Coastal Carolina University Chanticleers batting - Pitching for University of Minnesota Golden Gophers : RHP Danny Colon
|
Pitching: RHP Danny Colon
|
|
Batting: RHB Dennis Bennett
|
0-0: Ball 1-0: Called Strike 1-1: Ball 2-1: Called Strike 2-2: Ball 3-2: Base on Balls
|
Batting: RHB Tatsunori Ishigaki
|
0-0: Foul Ball, location: 2F 0-1: Fly out, F9 (Flyball, 89S, EV 89.4 MPH)
|
Batting: RHB Isaac Washington
|
0-0: Called Strike Dennis Bennett is caught stealing 2nd base 2-4 0-1: Swinging Strike 0-2: Strikes out looking
|
Bottom of the 1st over - 0 runs, 0 hits, 0 errors, 0 left on base; University of Minnesota 0 - Coastal Carolina University 0 |
TOP OF THE 2ND |
University of Minnesota Golden Gophers batting - Pitching for Coastal Carolina University Chanticleers : RHP Pedro Delgado
|
Batting: RHB Jason Mooris
|
0-0: Called Strike 0-1: Swinging Strike 0-2: Strikes out swinging
|
Batting: LHB Jose Moncada
|
0-0: Ball 1-0: SOLO HOME RUN (Flyball, 9LD, EV 101.2 MPH), Distance : 388 ft
|
Batting: RHB Ron Gooch
|
0-0: Fly out, F9 (Flyball, 89M, EV 88.1 MPH)
|
Batting: LHB Bobby Agterberg
|
0-0: Ball 1-0: Foul Ball, location: 2F 1-1: Ball 2-1: Foul Ball, location: 2F 2-2: Ball 3-2: Foul Ball, location: 2F 3-2: Strikes out swinging
|
Top of the 2nd over - 1 run, 1 hit, 0 errors, 0 left on base; University of Minnesota 1 - Coastal Carolina University 0 |
BOTTOM OF THE 2ND |
Coastal Carolina University Chanticleers batting - Pitching for University of Minnesota Golden Gophers : RHP Danny Colon
|
Batting: RHB Alex Montiel
|
0-0: Called Strike 0-1: Ball 1-1: Ball 2-1: Swinging Strike 2-2: Strikes out looking
|
Batting: RHB Mark Tart
|
0-0: SINGLE (Groundball, 56D, EV 106.9 MPH)
|
Batting: RHB Oscar Hernandez
|
0-0: Called Strike 0-1: Ball 1-1: DOUBLE (Groundball, 5L, EV 97.5 MPH) Mark Tart to third
|
Batting: RHB Chris McDaniel
|
0-0: Swinging Strike 0-1: Ball 1-1: Swinging Strike 1-2: Strikes out swinging
|
Batting: LHB Nate Kokx
|
0-0: Foul Ball, location: 2F 0-1: Foul Ball, location: 2F 0-2: Foul Ball, location: 2F 0-2: Ball 1-2: Ball 2-2: Foul Ball, location: 2F 2-2: Ground out 4-3 (Groundball, 4, EV 106.9 MPH)
|
Bottom of the 2nd over - 0 runs, 2 hits, 0 errors, 2 left on base; University of Minnesota 1 - Coastal Carolina University 0 |
TOP OF THE 3RD |
University of Minnesota Golden Gophers batting - Pitching for Coastal Carolina University Chanticleers : RHP Pedro Delgado
|
Batting: LHB Phil Bonner
|
0-0: Called Strike 0-1: Fly out, F9 (Flyball, 9, EV 90.0 MPH)
|
Batting: RHB Tatsuyoshi Ikeda
|
0-0: Foul Ball, location: 2F 0-1: Foul Ball, location: 2F 0-2: Ball 1-2: Ball 2-2: Strikes out swinging
|
Batting: RHB Roy Evenden
|
0-0: Foul Ball, location: 2F 0-1: Foul Ball, location: 2F 0-2: Ball 1-2: Strikes out swinging, 2-3 out at first.
|
Top of the 3rd over - 0 runs, 0 hits, 0 errors, 0 left on base; University of Minnesota 1 - Coastal Carolina University 0 |
BOTTOM OF THE 3RD |
Coastal Carolina University Chanticleers batting - Pitching for University of Minnesota Golden Gophers : RHP Danny Colon
|
Batting: RHB Rene Napoles
|
0-0: Ball 1-0: Ball 2-0: Foul Ball, location: 2F 2-1: Foul Ball, location: 2F 2-2: Ball 3-2: Strikes out looking
|
Batting: RHB Dennis Bennett
|
0-0: Foul Ball, location: 2F 0-1: Called Strike 0-2: Ball 1-2: Ball 2-2: SINGLE (Groundball, 4MD, EV 95.0 MPH)
|
Batting: RHB Tatsunori Ishigaki
|
0-0: Foul Ball, location: 2F 0-1: Called Strike 0-2: Ball 1-2: Strikes out swinging
|
Batting: RHB Isaac Washington
|
0-0: Ball 1-0: Foul Ball, location: 2F 1-1: SINGLE (Groundball, 4MD, EV 103.8 MPH) Dennis Bennett to second
|
Batting: RHB Alex Montiel
|
0-0: Ball 1-0: Called Strike 1-1: Ball 2-1: Called Strike 2-2: Foul Ball, location: 2F 2-2: Ball 3-2: Ground out 5-3 (Groundball, 56, EV 105.6 MPH)
|
Bottom of the 3rd over - 0 runs, 2 hits, 0 errors, 2 left on base; University of Minnesota 1 - Coastal Carolina University 0 |
TOP OF THE 4TH |
University of Minnesota Golden Gophers batting - Pitching for Coastal Carolina University Chanticleers : RHP Pedro Delgado
|
Batting: RHB Jarrod Strickhouser
|
0-0: Swinging Strike 0-1: Ground out 4-3 (Groundball, 4, EV 100.6 MPH)
|
Batting: LHB Alex Villa
|
0-0: Ball 1-0: Ground out 3-1 (Groundball, 34S, EV 88.8 MPH)
|
Batting: RHB Jason Mooris
|
0-0: Foul Ball, location: 2F 0-1: Swinging Strike 0-2: Strikes out looking
|
Top of the 4th over - 0 runs, 0 hits, 0 errors, 0 left on base; University of Minnesota 1 - Coastal Carolina University 0 |
BOTTOM OF THE 4TH |
Coastal Carolina University Chanticleers batting - Pitching for University of Minnesota Golden Gophers : RHP Danny Colon
|
Batting: RHB Mark Tart
|
0-0: Fly out, F6 (Line Drive, 56, EV 73.1 MPH)
|
Batting: RHB Oscar Hernandez
|
0-0: Called Strike 0-1: Ball 1-1: Swinging Strike 1-2: Foul Ball, location: 2F 1-2: Strikes out swinging
|
Batting: RHB Chris McDaniel
|
0-0: Called Strike 0-1: Fly out, F9 (Flyball, 9D, EV 105.6 MPH)
|
Bottom of the 4th over - 0 runs, 0 hits, 0 errors, 0 left on base; University of Minnesota 1 - Coastal Carolina University 0 |
TOP OF THE 5TH |
University of Minnesota Golden Gophers batting - Pitching for Coastal Carolina University Chanticleers : RHP Pedro Delgado
|
Batting: LHB Jose Moncada
|
0-0: Ball 1-0: Ball 2-0: Foul Ball, location: 2F 2-1: Ball 3-1: SINGLE (Flyball, 8RS, EV 96.9 MPH)
|
Batting: RHB Ron Gooch
|
0-0: Called Strike 0-1: Called Strike 0-2: Grounds into double play, 6-4-3 (Groundball, 6M, EV 88.8 MPH)
|
Batting: LHB Bobby Agterberg
|
0-0: Ball 1-0: Foul Ball, location: 2F 1-1: Foul Ball, location: 2F 1-2: Foul Ball, location: 2F 1-2: Strikes out swinging
|
Top of the 5th over - 0 runs, 1 hit, 0 errors, 0 left on base; University of Minnesota 1 - Coastal Carolina University 0 |
BOTTOM OF THE 5TH |
Coastal Carolina University Chanticleers batting - Pitching for University of Minnesota Golden Gophers : RHP Danny Colon
|
Batting: LHB Nate Kokx
|
0-0: Ball 1-0: Foul Ball, location: 2F 1-1: Swinging Strike 1-2: Ball 2-2: Strikes out swinging
|
Batting: RHB Rene Napoles
|
0-0: Ball 1-0: Ground out 4-3 (Groundball, 4, EV 83.1 MPH)
|
Batting: RHB Dennis Bennett
|
0-0: Ball 1-0: Reached on error, E4 (Groundball, 4, EV 102.5 MPH)
|
Batting: RHB Tatsunori Ishigaki
|
0-0: Called Strike 0-1: Ball 1-1: Ball Dennis Bennett is caught stealing 2nd base 2-4
|
Bottom of the 5th over - 0 runs, 0 hits, 1 error, 0 left on base; University of Minnesota 1 - Coastal Carolina University 0 |
TOP OF THE 6TH |
University of Minnesota Golden Gophers batting - Pitching for Coastal Carolina University Chanticleers : RHP Pedro Delgado
|
Batting: LHB Phil Bonner
|
0-0: Foul Ball, location: 2F 0-1: Ball 1-1: Foul Ball, location: 2F 1-2: Ball 2-2: Strikes out looking
|
Batting: RHB Tatsuyoshi Ikeda
|
0-0: Called Strike 0-1: Ball 1-1: Swinging Strike 1-2: Foul Ball, location: 2F 1-2: Ball 2-2: Strikes out swinging
|
Batting: RHB Roy Evenden
|
0-0: Called Strike 0-1: Ground out 6-3 (Groundball, 6M, EV 88.1 MPH)
|
Top of the 6th over - 0 runs, 0 hits, 0 errors, 0 left on base; University of Minnesota 1 - Coastal Carolina University 0 |
BOTTOM OF THE 6TH |
Coastal Carolina University Chanticleers batting - Pitching for University of Minnesota Golden Gophers : RHP Danny Colon
|
Pitching: RHP Bobby Rodriguez
|
|
Batting: RHB Tatsunori Ishigaki
|
0-0: Foul Ball, location: 2F 0-1: Ground out 4-3 (Groundball, 4, EV 88.8 MPH)
|
Batting: RHB Isaac Washington
|
0-0: Ball 1-0: Ball 2-0: Fly out, F8 (Line Drive, 8LM, EV 96.9 MPH)
|
Batting: RHB Alex Montiel
|
0-0: Called Strike 0-1: Foul Ball, location: 2F 0-2: Ball 1-2: Ball 2-2: Foul Ball, location: 2F 2-2: Ground out 4-3 (Groundball, 4, EV 94.4 MPH)
|
Bottom of the 6th over - 0 runs, 0 hits, 0 errors, 0 left on base; University of Minnesota 1 - Coastal Carolina University 0 |
TOP OF THE 7TH |
University of Minnesota Golden Gophers batting - Pitching for Coastal Carolina University Chanticleers : RHP Pedro Delgado
|
Batting: RHB Jarrod Strickhouser
|
0-0: Fly out, F7 (Flyball, 7, EV 80.6 MPH)
|
Batting: LHB Alex Villa
|
0-0: Swinging Strike 0-1: Ball 1-1: Called Strike 1-2: Strikes out swinging
|
Batting: RHB Jason Mooris
|
0-0: Ball 1-0: SINGLE (Groundball, 56D, EV 95.6 MPH)
|
Pitching: LHP Elijah Mangrum
|
|
Batting: LHB Jose Moncada
|
0-0: Ball 1-0: Ball 2-0: Called Strike 2-1: 2-RUN HOME RUN (Flyball, 9LD, EV 95.0 MPH), Distance : 364 ft
|
Batting: RHB Ron Gooch
|
0-0: Called Strike 0-1: Ball 1-1: Called Strike 1-2: Fly out, F8 (Line Drive, 8RD, EV 86.9 MPH)
|
Top of the 7th over - 2 runs, 2 hits, 0 errors, 0 left on base; University of Minnesota 3 - Coastal Carolina University 0 |
BOTTOM OF THE 7TH |
Coastal Carolina University Chanticleers batting - Pitching for University of Minnesota Golden Gophers : RHP Bobby Rodriguez
|
Pitching: RHP Eddie Young
|
|
Batting: RHB Mark Tart
|
0-0: Reached on error, E6 (Groundball, 6, EV 80.6 MPH)
|
Batting: RHB Oscar Hernandez
|
0-0: Ball 1-0: Called Strike 1-1: SINGLE (Groundball, 6MD, EV 108.8 MPH) Mark Tart to second Runner from 2nd tries for 3rd, OUT! 8-5
|
Pinch Hitting: RHB Johnnie Cowan
|
0-0: Called Strike 0-1: Fielders Choice at 2nd, 6-4 (Groundball, 6M, EV 83.1 MPH)
|
Batting: LHB Nate Kokx
|
0-0: Ball 1-0: Called Strike 1-1: Ball 2-1: Ball 3-1: 2-RUN HOME RUN (Flyball, 9LD, EV 98.1 MPH), Distance : 386 ft
|
Batting: RHB Rene Napoles
|
0-0: Ball 1-0: Ball 2-0: Ball 3-0: Called Strike 3-1: Called Strike 3-2: Strikes out looking
|
Bottom of the 7th over - 2 runs, 2 hits, 1 error, 0 left on base; University of Minnesota 3 - Coastal Carolina University 2 |
TOP OF THE 8TH |
University of Minnesota Golden Gophers batting - Pitching for Coastal Carolina University Chanticleers : LHP Elijah Mangrum
|
Now in RF: Justin Sanders
|
|
Batting: LHB Bobby Agterberg
|
0-0: Ball 1-0: Called Strike 1-1: Foul Ball, location: 2F 1-2: Strikes out swinging
|
Batting: LHB Phil Bonner
|
0-0: Ball 1-0: Called Strike 1-1: Foul Ball, location: 2F 1-2: Fly out, F9 (Flyball, 89S, EV 77.5 MPH)
|
Batting: RHB Tatsuyoshi Ikeda
|
0-0: Ball 1-0: Called Strike 1-1: Ball 2-1: Ground out 5-3 (Groundball, 5D, EV 83.8 MPH)
|
Top of the 8th over - 0 runs, 0 hits, 0 errors, 0 left on base; University of Minnesota 3 - Coastal Carolina University 2 |
BOTTOM OF THE 8TH |
Coastal Carolina University Chanticleers batting - Pitching for University of Minnesota Golden Gophers : RHP Eddie Young
|
Pitching: RHP Jason Jacobs
|
|
Batting: RHB Dennis Bennett
|
0-0: Foul Ball, location: 2F 0-1: Swinging Strike 0-2: Strikes out swinging
|
Batting: RHB Tatsunori Ishigaki
|
0-0: Called Strike 0-1: SINGLE (Groundball, 56S, EV 83.1 MPH) (infield hit)
|
Batting: RHB Isaac Washington
|
0-0: Called Strike 0-1: Swinging Strike 0-2: Ball 1-2: Ball 2-2: Ball 3-2: Base on Balls Tatsunori Ishigaki to second
|
Batting: RHB Alex Montiel
|
0-0: Called Strike 0-1: Swinging Strike 0-2: Ball 1-2: Strikes out looking
|
Batting: RHB Mark Tart
|
0-0: Called Strike 0-1: Ball 1-1: Ground out 2-3 (Groundball, 13S, EV 66.9 MPH)
|
Bottom of the 8th over - 0 runs, 1 hit, 0 errors, 2 left on base; University of Minnesota 3 - Coastal Carolina University 2 |
TOP OF THE 9TH |
University of Minnesota Golden Gophers batting - Pitching for Coastal Carolina University Chanticleers : LHP Elijah Mangrum
|
Pitching: RHP Ricky Diaz
|
|
Batting: RHB Roy Evenden
|
0-0: Ball 1-0: Ball 2-0: Called Strike 2-1: Called Strike 2-2: Ball 3-2: Fly out, F8 (Flyball, 8RD, EV 104.4 MPH)
|
Batting: RHB Jarrod Strickhouser
|
0-0: Called Strike 0-1: Called Strike 0-2: Ball 1-2: Ball 2-2: Strikes out swinging, 2-3 out at first.
|
Batting: LHB Alex Villa
|
0-0: Ball 1-0: Ball 2-0: Ground out 4-3 (Groundball, 4, EV 83.8 MPH)
|
Top of the 9th over - 0 runs, 0 hits, 0 errors, 0 left on base; University of Minnesota 3 - Coastal Carolina University 2 |
BOTTOM OF THE 9TH |
Coastal Carolina University Chanticleers batting - Pitching for University of Minnesota Golden Gophers : RHP Jason Jacobs
|
Pitching: RHP Mike Binns
|
|
Batting: RHB Oscar Hernandez
|
0-0: Called Strike 0-1: Foul Ball, location: 2F 0-2: Ball 1-2: Foul Ball, location: 2F 1-2: Foul Ball, location: 2F 1-2: Ball 2-2: Ball 3-2: Strikes out swinging
|
Batting: LHB Justin Sanders
|
0-0: Called Strike 0-1: Ball 1-1: Ball 2-1: Ball 3-1: Foul Ball, location: 2F 3-2: Strikes out looking
|
Batting: LHB Nate Kokx
|
0-0: Called Strike 0-1: Ball 1-1: Ball 2-1: Ball 3-1: Foul Ball, location: 2F 3-2: Foul Ball, location: 2F 3-2: Strikes out looking
|
Bottom of the 9th over - 0 runs, 0 hits, 0 errors, 0 left on base; University of Minnesota 3 - Coastal Carolina University 2 |
|